[Event "ICC tourney 2530 (3 2)"]
[Site "Internet Chess Club"]
[Date "2021.04.23"]
[Round "3"]
[White "DAS, ROMIR:K09-17353705"]
[Black "DORON-REPA, HILLEL:K03-16771628"]
[Result "1-0"]
[ICCResult "Black forfeits on time"]
[WhiteElo "1400"]
[BlackElo "1400"]
[Opening "Queen's pawn game"]
[ECO "A45"]
[NIC "QP.07"]
[Time "18:40:14"]
[PlyCount "51"]
[TimeControl "180+2"]

1. d4 Nf6 2. Nc3 g6 3. e3 Bg7 4. Bc4 O-O 5. Nf3 e6 6. O-O d5 7. Bd3 Nbd7 8.
Re1 c5 9. Bd2 c4 10. Be2 Nb6 11. b3 cxb3 12. axb3 Bd7 13. Bd3 Rc8 14. e4
dxe4 15. Bxe4 Bc6 16. Bg5 h6 17. Bxf6 Qxf6 18. Qd3 Bxe4 19. Nxe4 Qf5 20.
Rxa7 Rc7 21. Nh4 Qd5 22. c3 Qxb3 23. Nc5 Qb2 24. h3 Rxc5 25. dxc5 Nc8 26.
Ra4 { Black forfeits on time } 1-0

[Event "ICC tourney 2530 (3 2)"]
[Site "Internet Chess Club"]
[Date "2021.04.23"]
[Round "3"]
[White "KLEIN, JACOB:K09-15995270"]
[Black "ZHOU, ARTHUR:K09-17305955"]
[Result "0-1"]
[ICCResult "White forfeits on time"]
[WhiteElo "1400"]
[BlackElo "1400"]
[Opening "Sicilian defense"]
[ECO "B32"]
[NIC "SI.32"]
[Time "18:39:48"]
[PlyCount "64"]
[TimeControl "180+2"]

1. e4 c5 2. Nf3 Nc6 3. d4 cxd4 4. Nxd4 Ne5 5. Bf4 Nf6 6. Bxe5 d6 7. Bxf6
gxf6 8. Nf3 Bg4 9. Be2 Bxf3 10. Bxf3 Bh6 11. Bh5 Bg5 12. Qd5 O-O 13. h4 Bf4
14. g3 Be5 15. c3 e6 16. Qxb7 Rb8 17. Qxa7 d5 18. exd5 exd5 19. Rg1 Kh8 20.
Qe3 Re8 21. Qh6 Bxc3+ 22. Kf1 Re1+ 23. Kg2 Rxg1+ 24. Kxg1 Bxb2 25. Bxf7
Bxa1 26. Nc3 Bxc3 27. Kg2 Rb1 28. Kh3 Rh1+ 29. Kg2 Re1 30. Kf3 Qd6 31. Kg4
Qd8 32. Kf5 Rf1 { White forfeits on time } 0-1

[Event "ICC tourney 2530 (3 2)"]
[Site "Internet Chess Club"]
[Date "2021.04.23"]
[Round "3"]
[White "VENKATESH NATARAJAN, ARAVINTH:K12-17300200"]
[Black "SILVA, JAVIER:K09-16089208"]
[Result "0-1"]
[ICCResult "White resigns"]
[WhiteElo "1400"]
[BlackElo "1400"]
[Opening "Caro-Kann: classical, Spassky variation"]
[ECO "B19"]
[NIC "CK.12"]
[Time "18:39:28"]
[PlyCount "102"]
[TimeControl "180+2"]

1. e4 c6 2. d4 d5 3. Nc3 dxe4 4. Nxe4 Bf5 5. Ng3 Bg6 6. h4 h6 7. Nf3 Nd7 8.
h5 Bh7 9. Bd3 Bxd3 10. Qxd3 e6 11. Bd2 Ngf6 12. O-O-O Bd6 13. Ne4 Nxe4 14.
Qxe4 Nf6 15. Qe2 Qc7 16. Kb1 O-O-O 17. Bc3 Nd5 18. Bd2 Bf4 19. c4 Ne7 20.
Bxf4 Qxf4 21. Qe5 Qxe5 22. Nxe5 Rhf8 23. g4 f6 24. Ng6 Nxg6 25. hxg6 Rd6
26. Kc2 Rfd8 27. Kc3 e5 28. Rhe1 Rxd4 29. Rxd4 Rxd4 30. f3 Rf4 31. Re3 Kc7
32. c5 Rd4 33. b4 b6 34. Rd3 bxc5 35. bxc5 Rxd3+ 36. Kxd3 Kd7 37. Kc4 Ke6
38. Kb4 Kd5 39. a4 Kd4 40. Ka5 Kxc5 41. Ka6 Kb4 42. a5 c5 43. Kxa7 Kxa5 44.
Kb7 c4 45. Kc7 c3 46. Kd7 c2 47. Ke7 c1=Q 48. Kf7 Qc7+ 49. Kg8 Kb6 50. Kh7
Kc5 51. Kg8 Kd4 { White resigns } 0-1

[Event "ICC tourney 2530 (3 2)"]
[Site "Internet Chess Club"]
[Date "2021.04.23"]
[Round "3"]
[White "KUMAR MULPURI, PARTHIV:K09-16906012"]
[Black "SCHOENBAUER, JAKE:K09-16875594"]
[Result "0-1"]
[ICCResult "White forfeits on time"]
[WhiteElo "1400"]
[BlackElo "1291"]
[Opening "Four knights: Italian variation"]
[ECO "C55"]
[NIC "IG.01"]
[Time "18:40:14"]
[PlyCount "48"]
[TimeControl "180+2"]

1. e4 e5 2. Nf3 Nc6 3. Bc4 Nf6 4. Nc3 Nxe4 5. Nxe4 d5 6. Bxd5 Qxd5 7. Nc3
Qa5 8. d3 Bb4 9. Bd2 Bg4 10. O-O O-O-O 11. h3 Bh5 12. a3 Be7 13. Ne4 Qb6
14. b3 Nd4 15. g4 Nxf3+ 16. Qxf3 Bg6 17. Be3 Qc6 18. Rac1 h5 19. Bxa7 b6
20. a4 Kb7 21. Bxb6 cxb6 22. Qe3 hxg4 23. hxg4 Bxe4 24. dxe4 Qh6 { White
forfeits on time } 0-1

[Event "ICC tourney 2530 (3 2)"]
[Site "Internet Chess Club"]
[Date "2021.04.23"]
[Round "3"]
[White "EHRENBERG, JOSHUA:K12-16538457"]
[Black "TRAN, NUGEN:K09-16809941"]
[Result "0-1"]
[ICCResult "White checkmated"]
[WhiteElo "1400"]
[BlackElo "1400"]
[Opening "Giuoco Piano: Bird's attack"]
[ECO "C54"]
[NIC "IG.02"]
[Time "18:39:49"]
[PlyCount "102"]
[TimeControl "180+2"]

1. e4 e5 2. Nf3 Nc6 3. Bc4 Bc5 4. c3 Nf6 5. b4 Bb6 6. a4 a6 7. a5 Ba7 8. d4
exd4 9. cxd4 d5 10. Bxd5 Nxd5 11. exd5 Qxd5 12. O-O O-O 13. Be3 Bg4 14. Qd3
Bxf3 15. gxf3 Nxd4 16. Bxd4 Bxd4 17. Rd1 Rad8 18. Na3 c6 19. Nc4 Bxa1 20.
Qxd5 cxd5 21. Ne3 Bc3 22. Nxd5 Be5 23. Ne7+ Kh8 24. Nd5 Rd6 25. Kg2 Kg8 26.
Kh3 Rfd8 27. Ne7+ Kf8 28. Rxd6 Rxd6 29. Nc8 Rd4 30. Nb6 Bf6 31. Kg2 Rxb4
32. Nd5 Rb5 33. Nc7 Rxa5 34. Na8 Rg5+ 35. Kh3 a5 36. Nc7 a4 37. Na6 a3 38.
Nb4 Ra5 39. Nc2 a2 40. Kg3 a1=Q 41. Nxa1 Rxa1 42. Kg4 b5 43. Kg3 b4 44. Kh3
b3 45. f4 b2 46. f5 b1=Q 47. f4 Qf1+ 48. Kg4 Qg2+ 49. Kh5 g6+ 50. fxg6 Ra5+
51. Kh6 Qxg6# { White checkmated } 0-1

[Event "ICC tourney 2530 (3 2)"]
[Site "Internet Chess Club"]
[Date "2021.04.23"]
[Round "3"]
[White "BENDRE, SOHAN ANUP:K12-14940058"]
[Black "PARK, EVAN:K09-15748464"]
[Result "0-1"]
[ICCResult "White resigns"]
[WhiteElo "1400"]
[BlackElo "1400"]
[Opening "St. George (Baker) defense"]
[ECO "B00"]
[NIC "VO.17"]
[Time "18:40:14"]
[PlyCount "82"]
[TimeControl "180+2"]

1. e4 a6 2. d4 b5 3. Nf3 Bb7 4. Bd3 g6 5. O-O Bg7 6. c3 d6 7. Bg5 Nd7 8.
Nbd2 h6 9. Be3 Ngf6 10. Re1 O-O 11. Bf4 Re8 12. Nf1 e5 13. dxe5 dxe5 14.
Bd2 Nc5 15. Bc2 Ncxe4 16. Ng3 Nxd2 17. Nxd2 Nd5 18. Nf3 Nf4 19. Be4 Bxe4
20. Nxe4 Qxd1 21. Raxd1 f5 22. Nc5 e4 23. Nd4 Bf8 24. Nd7 c5 25. Nf6+ Kf7
26. Nxe8 cxd4 27. Nc7 Ra7 28. Rxd4 Rxc7 29. Kf1 Bc5 30. Rd2 Nd3 31. Red1 b4
32. Ke2 bxc3 33. bxc3 Nxf2 34. Rd7+ Rxd7 35. Rxd7+ Ke6 36. Rc7 Nd3 37. Rc6+
Ke5 38. Rxa6 Nf4+ 39. Kf1 e3 40. Ra5 Kd5 41. Ra3 Bxa3 { White resigns } 0-1

[Event "ICC tourney 2530 (3 2)"]
[Site "Internet Chess Club"]
[Date "2021.04.23"]
[Round "3"]
[White "MATTHEW PUDOL CALAUNAN, ANGELO:K12-17270737"]
[Black "MERCADO, PATRICIO:K09-16368776"]
[Result "0-1"]
[ICCResult "White resigns"]
[WhiteElo "1400"]
[BlackElo "1400"]
[Opening "Caro-Kann: exchange variation"]
[ECO "B13"]
[NIC "CK.02"]
[Time "18:39:39"]
[PlyCount "114"]
[TimeControl "180+2"]

1. e4 c6 2. d4 d5 3. exd5 cxd5 4. Nc3 Nf6 5. Nf3 Nc6 6. Be2 Bf5 7. O-O e6
8. Bf4 Bb4 9. a3 Ba5 10. b4 Bc7 11. Bxc7 Qxc7 12. Nb5 Qb6 13. Nd6+ Kf8 14.
Nxf5 exf5 15. Bd3 Ne4 16. Bxe4 fxe4 17. Ne5 Nxe5 18. dxe5 Rd8 19. c3 Ke7
20. Qd4 Qxd4 21. cxd4 Rc8 22. Rac1 Rhd8 23. f3 Kf8 24. fxe4 dxe4 25. Rcd1
Rc4 26. d5 Rc7 27. e6 Kg8 28. exf7+ Rxf7 29. Rxf7 Kxf7 30. Rd4 e3 31. Re4
Rxd5 32. Rxe3 Rd1+ 33. Kf2 Ra1 34. Rb3 Ra2+ 35. Kg3 Kg6 36. h4 h5 37. b5 b6
38. Kf3 Kf5 39. g3 g6 40. Re3 g5 41. hxg5 Kxg5 42. Re5+ Kh6 43. g4 Rxa3+
44. Kf4 Ra4+ 45. Kf5 Rxg4 46. Re6+ Kg7 47. Re7+ Kh8 48. Re8+ Rg8 49. Rxg8+
Kxg8 50. Kg5 Kf7 51. Kxh5 Ke6 52. Kg6 Kd5 53. Kf7 Kc5 54. Ke6 Kxb5 55. Kd6
Kc4 56. Kc6 b5 57. Kd6 b4 { White resigns } 0-1

[Event "ICC tourney 2530 (3 2)"]
[Site "Internet Chess Club"]
[Date "2021.04.23"]
[Round "3"]
[White "GERALD AVERY, JOHN:K09-16706744"]
[Black "KUMAR TIBREWAL, AYUSH:K12-14952527"]
[Result "0-1"]
[ICCResult "White checkmated"]
[WhiteElo "1400"]
[BlackElo "1400"]
[Opening "Ruy Lopez: closed Berlin defense, Bernstein variation"]
[ECO "C48"]
[NIC "KP.03"]
[Time "18:39:18"]
[PlyCount "124"]
[TimeControl "180+2"]

1. e4 e5 2. Nf3 Nc6 3. Nc3 Nf6 4. Bb5 d6 5. O-O Be7 6. d4 Bd7 7. Bg5 exd4
8. Nxd4 Nxd4 9. Qxd4 Bxb5 10. Nxb5 O-O 11. Rfe1 c5 12. Qd3 a6 13. Bxf6 Bxf6
14. Nxd6 Be5 15. Nc4 Qxd3 16. cxd3 Bd4 17. Rab1 b5 18. Nd2 Rac8 19. Nf3
Rfd8 20. e5 Rd5 21. e6 fxe6 22. Rxe6 a5 23. Rb6 b4 24. Ra6 Bf6 25. Rxa5
Rxd3 26. Ra7 Rcd8 27. Rf1 Bxb2 28. Rc7 Bd4 29. h3 b3 30. axb3 Rxb3 31. Nd2
Rb2 32. Ne4 Rf8 33. Nxc5 Bxf2+ 34. Kh1 Bxc5 35. Rxf8+ Bxf8 36. Rc8 Rb1+ 37.
Kh2 Kf7 38. Kg3 Bd6+ 39. Kg4 Rb4+ 40. Kf3 Rb3+ 41. Ke2 Rb2+ 42. Kf3 h6 43.
Kg4 Rxg2+ 44. Kf3 Rg3+ 45. Kf2 Rxh3 46. Kg2 Rg3+ 47. Kh2 h5 48. Kh1 h4 49.
Rh8 h3 50. Kh2 Rf3+ 51. Kg1 h2+ 52. Kh1 Rf1+ 53. Kg2 Rg1+ 54. Kf2 h1=Q 55.
Rxh1 Rxh1 56. Kg2 Rh2+ 57. Kg1 Kf6 58. Kf1 Kf5 59. Kg1 Ke4 60. Kf1 Ke3 61.
Kg1 Kf3 62. Kf1 Rh1# { White checkmated } 0-1

[Event "ICC tourney 2530 (3 2)"]
[Site "Internet Chess Club"]
[Date "2021.04.23"]
[Round "3"]
[White "PAI, RAHUL:K12-16742108"]
[Black "VIBHAV BONDALAPATI, SRI:K09-16633657"]
[Result "1-0"]
[ICCResult "Black checkmated"]
[WhiteElo "1400"]
[BlackElo "1400"]
[Opening "Owen defense"]
[ECO "B00"]
[NIC "VO.03"]
[Time "18:39:21"]
[PlyCount "145"]
[TimeControl "180+2"]

1. e4 b6 2. d4 Bb7 3. Bd3 e6 4. Nf3 c5 5. c3 d5 6. e5 c4 7. Bc2 Ne7 8. O-O
Ng6 9. a4 Be7 10. Nbd2 O-O 11. Ne1 Nc6 12. f4 a6 13. Ndf3 b5 14. g4 b4 15.
f5 Nh8 16. Ng2 Qd7 17. Nf4 b3 18. Bb1 Nd8 19. Nh5 exf5 20. gxf5 g6 21. f6
gxh5 22. fxe7 Qxe7 23. Bg5 Qe6 24. Nh4 Ng6 25. Bf5 Qc6 26. Qxh5 Ne6 27. Bf6
Rfe8 28. Bxe6 fxe6 29. Nxg6 Qc7 30. Nf4 Qf7 31. Kf2 Qxh5 32. Nxh5 Kf7 33.
Rg1 Rg8 34. Rxg8 Rxg8 35. Rg1 Rxg1 36. Kxg1 a5 37. Bd8 Bc6 38. Bxa5 Bxa4
39. Kf2 Bc6 40. Kg3 Be8 41. Kf4 Ba4 42. Nf6 Bb5 43. Nxh7 Ba4 44. Ng5+ Ke7
45. h4 Be8 46. h5 Bxh5 47. Bb4+ Kd7 48. Nh7 Bg6 49. Nf6+ Kc6 50. Kg5 Bf5
51. Kh6 Kc7 52. Kg7 Kd8 53. Kf7 Kc7 54. Nh5 Kc6 55. Ke7 Kc7 56. Ng7 Bh3 57.
Nxe6+ Kc6 58. Nf4 Bf5 59. e6 Bg4 60. Ng6 Bh3 61. Ne5+ Kc7 62. Kf6 Kd8 63.
e7+ Ke8 64. Nf3 Bg2 65. Ng5 Be4 66. Ne6 Kd7 67. Ng7 Bg6 68. Kxg6 Kc7 69.
e8=Q Kb6 70. Bc5+ Ka6 71. Qa8+ Kb5 72. Qb7+ Ka4 73. Qa6# { Black checkmated
} 1-0

[Event "ICC tourney 2530 (3 2)"]
[Site "Internet Chess Club"]
[Date "2021.04.23"]
[Round "3"]
[White "MICHAEL BAR, NATHAN:K09-30163724"]
[Black "RODIC, ELLIOT:K09-16510635"]
[Result "0-1"]
[ICCResult "White checkmated"]
[WhiteElo "1400"]
[BlackElo "1400"]
[Opening "Three knights game"]
[ECO "C46"]
[NIC "KP.06"]
[Time "18:39:51"]
[PlyCount "86"]
[TimeControl "180+2"]

1. e4 e5 2. Nf3 Nc6 3. Nc3 Bc5 4. Nxe5 Nxe5 5. d4 Bd6 6. dxe5 Bxe5 7. Bc4
Nf6 8. Qe2 d6 9. Bg5 h6 10. Bh4 O-O 11. O-O Qe7 12. Rfe1 Be6 13. Bb3 c5 14.
Rad1 Rfc8 15. Bc4 a6 16. Nd5 Bxd5 17. Bxd5 Rab8 18. Qf3 Qd7 19. Rd2 Nxd5
20. exd5 c4 21. Rde2 Re8 22. c3 b5 23. Bg3 f6 24. Bxe5 fxe5 25. Qe4 Qf7 26.
h3 a5 27. Qg4 Rbc8 28. Re3 b4 29. cxb4 axb4 30. Rg3 c3 31. bxc3 bxc3 32.
Rc1 c2 33. Qe2 Qxd5 34. Qxc2 Rxc2 35. Rxc2 Qd1+ 36. Kh2 Qxc2 37. a3 Qxf2
38. Rb3 Qf4+ 39. Kg1 e4 40. a4 e3 41. a5 e2 42. Rf3 e1=Q+ 43. Rf1 Qexf1# {
White checkmated } 0-1

[Event "ICC tourney 2530 (3 2)"]
[Site "Internet Chess Club"]
[Date "2021.04.23"]
[Round "3"]
[White "ETHAN CHONG, JOSHUA:K09-15110220"]
[Black "T FEDDERSEN, NICHOLAS:K09-17108237"]
[Result "1-0"]
[ICCResult "Black forfeits on time"]
[WhiteElo "1400"]
[BlackElo "1400"]
[Opening "QGD semi-Slav: Stoltz variation"]
[ECO "D45"]
[NIC "SL.08"]
[Time "18:39:29"]
[PlyCount "71"]
[TimeControl "180+2"]

1. d4 c6 2. c4 d5 3. Nc3 Nf6 4. e3 e6 5. Nf3 Nbd7 6. Qc2 Be7 7. Bd3 dxc4 8.
Bxc4 Nb6 9. Bb3 Bd7 10. O-O O-O 11. e4 Bb4 12. a3 Be7 13. e5 Nfd5 14. Ne4
Rc8 15. Neg5 g6 16. Qe4 Bxg5 17. Bxg5 f6 18. exf6 Nxf6 19. Bxe6+ Bxe6 20.
Qxe6+ Kg7 21. Rfe1 Re8 22. Bxf6+ Qxf6 23. Qxe8 Rxe8 24. Rxe8 Nd5 25. Rae1
Kh6 26. h4 Qd6 27. Ng5 Kh5 28. g3 Qd7 29. Rh8 Nf6 30. Rf8 Qg7 31. Rf7 Qg8
32. Rxf6 h6 33. Nf3 Qb3 34. Re5+ g5 35. Kg2 Qxb2 36. hxg5 { Black forfeits
on time } 1-0

[Event "ICC tourney 2530 (3 2)"]
[Site "Internet Chess Club"]
[Date "2021.04.23"]
[Round "3"]
[White "NIRAG SHAH, ARYA:K12-17096474"]
[Black "JOSHUA RAJESH, AADITYA:K09-16964021"]
[Result "0-1"]
[ICCResult "White forfeits on time"]
[WhiteElo "1400"]
[BlackElo "1400"]
[Opening "Queen's pawn, Mason variation"]
[ECO "D00"]
[NIC "QP.08"]
[Time "18:39:54"]
[PlyCount "64"]
[TimeControl "180+2"]

1. d4 d5 2. Bf4 Nc6 3. e3 a6 4. Nf3 Nf6 5. Nbd2 Bf5 6. c4 e6 7. Be2 Bd6 8.
Bg3 O-O 9. Ne5 Ne4 10. Nxe4 Bxe4 11. O-O Nxe5 12. dxe5 Bc5 13. cxd5 Bxd5
14. Bf3 Bxf3 15. Qxf3 Rb8 16. Rfd1 Qe7 17. Rac1 Bb6 18. Qe4 c6 19. Bh4 Qc7
20. Rd3 Rbc8 21. Rcd1 Qb8 22. Rd7 Bc7 23. f4 Bd8 24. f5 exf5 25. Qc4 Bxh4
26. Qxh4 Qxe5 27. Qd4 Qxd4 28. R1xd4 b5 29. Ra7 c5 30. Rdd7 Rc6 31. Kf2 c4
32. Rab7 Rg6 { White forfeits on time } 0-1

[Event "ICC tourney 2530 (3 2)"]
[Site "Internet Chess Club"]
[Date "2021.04.23"]
[Round "3"]
[White "ZHOU, ATHENA:K09-17305940"]
[Black "V MEHTA, SOHUM:K09-15597521"]
[Result "0-1"]
[ICCResult "White checkmated"]
[WhiteElo "1400"]
[BlackElo "1400"]
[Opening "Sicilian: Kan, 5.Nc3"]
[ECO "B43"]
[NIC "SI.41"]
[Time "18:39:25"]
[PlyCount "126"]
[TimeControl "180+2"]

1. e4 c5 2. Nf3 e6 3. d4 cxd4 4. Nxd4 a6 5. Nc3 Qc7 6. Be3 Nf6 7. Qf3 b5 8.
O-O-O Bb7 9. Bd3 d6 10. Bg5 Be7 11. Rhe1 Nbd7 12. Bxf6 Bxf6 13. Nde2 O-O
14. Nf4 Ne5 15. Qe3 Rac8 16. Kb1 Rfd8 17. Nfe2 d5 18. exd5 exd5 19. Nd4
Nxd3 20. Rxd3 Qxh2 21. g3 Qh5 22. Qf3 Qxf3 23. Nxf3 d4 24. Ne4 Re8 25. Nfd2
Bg5 26. f4 Bh6 27. Rxd4 f5 28. Rd7 Bxe4 29. Nxe4 Rxe4 30. Rxe4 fxe4 31. Kc1
Re8 32. Kd2 e3+ 33. Ke2 g6 34. c3 Bg7 35. Ra7 Re6 36. Rd7 Kf8 37. Rd3 Ke7
38. Rxe3 Rxe3+ 39. Kxe3 Kd6 40. Ke4 Kc5 41. Kd3 h6 42. b4+ Kd5 43. a3 g5
44. fxg5 hxg5 45. g4 Bf6 46. Kc2 Kc4 47. Kd2 Bxc3+ 48. Kc2 Bf6 49. Kd2 Kd4
50. Kc2 Ke4 51. Kb3 Kf4 52. Kc2 Kxg4 53. Kd2 Kf4 54. Ke2 g4 55. Kf2 Bd4+
56. Kg2 g3 57. Kf1 Kf3 58. Ke1 g2 59. Kd2 g1=Q 60. Kd3 Qe3+ 61. Kc2 Qc3+
62. Kd1 Be3 63. a4 Qd2# { White checkmated } 0-1

[Event "ICC tourney 2530 (3 2)"]
[Site "Internet Chess Club"]
[Date "2021.04.23"]
[Round "3"]
[White "PEREZ MEZA, RODRIGO:K09-30127782"]
[Black "SURESH, ISAAC:K09-15949243"]
[Result "1-0"]
[ICCResult "Black forfeits on time"]
[WhiteElo "1400"]
[BlackElo "1400"]
[Opening "Dutch defense"]
[ECO "A84"]
[NIC "HD.10"]
[Time "18:39:47"]
[PlyCount "57"]
[TimeControl "180+2"]

1. d4 f5 2. c4 g6 3. Nc3 Nf6 4. Nf3 Bg7 5. e3 O-O 6. Be2 d6 7. O-O Be6 8.
d5 Bf7 9. Bd3 Nbd7 10. e4 Nxe4 11. Nxe4 fxe4 12. Bxe4 a5 13. Ng5 Nc5 14.
Nxf7 Rxf7 15. Bf3 c6 16. Rb1 cxd5 17. Bxd5 e6 18. Bf3 Rb8 19. b3 Qe7 20.
Re1 Qd7 21. a3 Bc3 22. Bd2 Bxd2 23. Qxd2 Rbf8 24. Qxa5 Nd3 25. Re3 Ne5 26.
Qc3 d5 27. Qxe5 dxc4 28. bxc4 Rc8 29. Rc1 { Black forfeits on time } 1-0

[Event "ICC tourney 2530 (3 2)"]
[Site "Internet Chess Club"]
[Date "2021.04.23"]
[Round "3"]
[White "LEE, JOSHUA:K09-16260353"]
[Black "DARILEK, MILES:K09-30135218"]
[Result "1-0"]
[ICCResult "Black checkmated"]
[WhiteElo "1400"]
[BlackElo "1400"]
[Opening "Sicilian defense"]
[ECO "B30"]
[NIC "SI.31"]
[Time "18:40:14"]
[PlyCount "53"]
[TimeControl "180+2"]

1. e4 c5 2. Nf3 Nc6 3. c3 Nf6 4. d3 g6 5. Be3 Bg7 6. Nbd2 O-O 7. Bxc5 d6 8.
Be3 Qe8 9. d4 Bd7 10. Bc4 b5 11. Bb3 b4 12. Qc1 Rc8 13. Nf1 Na5 14. Ng3
Nxb3 15. axb3 bxc3 16. bxc3 Rc7 17. Bh6 Qc8 18. Bxg7 Kxg7 19. h4 Rxc3 20.
Qg5 Rc1+ 21. Rxc1 Qa6 22. h5 h6 23. Qe3 g5 24. Nxg5 Ng4 25. Qf4 Rc8 26.
Qxf7+ Kh8 27. Qh7# { Black checkmated } 1-0

[Event "ICC tourney 2530 (3 2)"]
[Site "Internet Chess Club"]
[Date "2021.04.23"]
[Round "3"]
[White "WISNIOWSKI, NATALIE:K09-15702390"]
[Black "GUO, ARTHUR:K12-14772092"]
[Result "0-1"]
[ICCResult "White checkmated"]
[WhiteElo "1400"]
[BlackElo "1400"]
[Opening "Catalan: closed, 5.Nf3"]
[ECO "E06"]
[NIC "CA.04"]
[Time "18:39:39"]
[PlyCount "106"]
[TimeControl "180+2"]

1. d4 Nf6 2. c4 e6 3. g3 d5 4. Bg2 Be7 5. Nf3 O-O 6. O-O c6 7. Qc2 b6 8.
Nbd2 Bb7 9. e4 Na6 10. a3 dxc4 11. Nxc4 c5 12. e5 Nd5 13. dxc5 Nxc5 14. Rd1
Rc8 15. Be3 b5 16. Ncd2 Nxe3 17. fxe3 Qb6 18. Nf1 Be4 19. Qe2 Nb3 20. N1d2
Bxf3 21. Nxf3 Nxa1 22. Rxa1 Bc5 23. Re1 b4 24. axb4 Bxb4 25. Rd1 Bc5 26.
Rd3 Rfd8 27. Rc3 Bb4 28. Rb3 a5 29. Nd4 Rc1+ 30. Kf2 h6 31. Be4 Qc7 32. Nf3
Rdd1 33. Rd3 Rxd3 34. Bxd3 Bc5 35. Kg2 Bb6 36. Qd2 Qc5 37. Nd4 g6 38. Be4
Rc4 39. Nb3 Qxe5 40. Bf3 Rb4 41. Nd4 Bxd4 42. exd4 Qxd4 43. Qc2 Rxb2 44.
Qxb2 Qxb2+ 45. Kh3 a4 46. Be4 a3 47. Bf3 a2 48. Be4 a1=Q 49. Bf3 Qe1 50.
Bg2 Qef2 51. Bf3 Qxh2+ 52. Kg4 Qh5+ 53. Kf4 Qbe5# { White checkmated } 0-1

[Event "ICC tourney 2530 (3 2)"]
[Site "Internet Chess Club"]
[Date "2021.04.23"]
[Round "3"]
[White "TATIKONDA, NIHANTH:K09-16818044"]
[Black "WANG, LUCAS:K12-16797884"]
[Result "1-0"]
[ICCResult "Black checkmated"]
[WhiteElo "1400"]
[BlackElo "1400"]
[Opening "Four knights: Italian variation"]
[ECO "C47"]
[NIC "KP.06"]
[Time "18:40:10"]
[PlyCount "119"]
[TimeControl "180+2"]

1. e4 e5 2. Nc3 Nc6 3. Nf3 Nf6 4. Bc4 d6 5. O-O Be6 6. Bxe6 fxe6 7. b3 Be7
8. Bb2 O-O 9. d4 exd4 10. Nxd4 e5 11. Nxc6 bxc6 12. Qe2 h6 13. Qc4+ d5 14.
Qxc6 dxe4 15. Nxe4 Nxe4 16. Qxe4 Bf6 17. Rad1 Qe7 18. Rfe1 Rfe8 19. Qc4+
Kh8 20. Bxe5 Bxe5 21. f4 Qf6 22. fxe5 Rxe5 23. Rf1 Qb6+ 24. Kh1 Rae8 25.
Qg4 Qa5 26. Rd7 Rg5 27. Qf3 c6 28. Qf7 Re1 29. Qf8+ Kh7 30. Rd1 Rxf1+ 31.
Rxf1 Qd2 32. Qf3 Qxc2 33. h3 Qxa2 34. h4 Rg6 35. Qd3 Qa3 36. h5 Qd6 37.
hxg6+ Qxg6 38. Qxg6+ Kxg6 39. Kh2 a6 40. Rc1 a5 41. Rxc6+ Kh7 42. Ra6 h5
43. Rxa5 h4 44. Kh3 g6 45. Kxh4 Kh6 46. g4 Kg7 47. Kg5 Kf7 48. Ra6 Kg7 49.
Rxg6+ Kf8 50. Rc6 Kf7 51. b4 Kg7 52. b5 Kf7 53. b6 Ke7 54. b7 Kd7 55. Rc1
Ke7 56. b8=Q Ke6 57. Rc5 Kd7 58. Qb6 Ke7 59. Rc7+ Kd8 60. Qb8# { Black
checkmated } 1-0

[Event "ICC tourney 2530 (3 2)"]
[Site "Internet Chess Club"]
[Date "2021.04.23"]
[Round "3"]
[White "XIONG, LANG:K09-16344675"]
[Black "SAFRANEK, WILLIAM:K09-15106903"]
[Result "1/2-1/2"]
[ICCResult "Game drawn by mutual agreement"]
[WhiteElo "1400"]
[BlackElo "1400"]
[Opening "Queen's pawn game, Darooha variation "]
[ECO "D02"]
[NIC "QP.08"]
[Time "18:39:49"]
[PlyCount "158"]
[TimeControl "180+2"]

1. d4 d5 2. Nf3 Nf6 3. c4 Bf5 4. Nc3 e6 5. Bg5 dxc4 6. e4 Bg4 7. e5 h6 8.
Qa4+ c6 9. Bh4 Bxf3 10. exf6 Qxd4 11. Qxc4 Qxc4 12. Bxc4 Bxg2 13. Rg1 g5
14. Bxg5 hxg5 15. Rxg2 Nd7 16. Ne4 Bb4+ 17. Ke2 O-O-O 18. a3 Bf8 19. Nxg5
Ne5 20. Bb3 Rg8 21. Rag1 Bh6 22. Nxf7 Rd2+ 23. Kf1 Rxg2 24. Rxg2 Bf4 25.
Bxe6+ Kc7 26. Nxe5 Bxe5 27. f7 Bd6 28. Rg8 Rd1+ 29. Ke2 Rd4 30. f8=Q Bxf8
31. Rxf8 Re4+ 32. Kd3 Rxe6 33. h4 Rh6 34. Rf4 Kd6 35. Re4 Rf6 36. f4 c5 37.
Kc4 b6 38. b4 Rh6 39. bxc5+ bxc5 40. f5 Rf6 41. Rf4 Ke5 42. Rf1 Kd6 43.
Rd1+ Kc6 44. Rd5 Kb6 45. Rxc5 Rh6 46. Rb5+ Kc6 47. Rc5+ Kb6 48. Re5 Rxh4+
49. Kd3 Rh3+ 50. Re3 Rh5 51. Ke4 Kc7 52. Rd3 Rh8 53. Ke5 Rh1 54. Rf3 Re1+
55. Kf6 Kd7 56. Kf7 Re7+ 57. Kg6 Ke8 58. f6 Re1 59. Rg3 Kf8 60. Rf3 Rg1+
61. Kf5 Ra1 62. Ke6 Re1+ 63. Kd7 Kf7 64. Kc7 a5 65. Kb6 a4 66. Kb5 Re4 67.
Kc5 Rh4 68. Kd5 Rg4 69. Ke5 Rg1 70. Rd3 Re1+ 71. Kf5 Rf1+ 72. Ke5 Rxf6 73.
Rd7+ Kg6 74. Rd6 Rxd6 75. Kxd6 Kf6 76. Kc5 Ke6 77. Kb4 Kd7 78. Kxa4 Kc7 79.
Kb5 Kb7 { Game drawn by mutual agreement } 1/2-1/2

[Event "ICC tourney 2530 (3 2)"]
[Site "Internet Chess Club"]
[Date "2021.04.23"]
[Round "3"]
[White "EILEEN MILLER, ANNA:K09-16812002"]
[Black "LAD, DALTON:K12-16754385"]
[Result "0-1"]
[ICCResult "White forfeits on time"]
[WhiteElo "1400"]
[BlackElo "1400"]
[Opening "French: exchange variation"]
[ECO "C01"]
[NIC "FR.01"]
[Time "18:40:14"]
[PlyCount "100"]
[TimeControl "180+2"]

1. e4 e6 2. d4 d5 3. exd5 exd5 4. Nc3 Nf6 5. Nf3 Bb4 6. Bd2 O-O 7. a3 Bxc3
8. Bxc3 Re8+ 9. Be2 Bg4 10. O-O Nc6 11. h3 Bxf3 12. Bxf3 Ne4 13. Re1 Nxc3
14. Rxe8+ Qxe8 15. bxc3 Rd8 16. Rb1 b6 17. Qd3 Na5 18. Qd2 Nc4 19. Qd3 Qe6
20. Bg4 Qg6 21. Qxg6 hxg6 22. Re1 Nxa3 23. Re2 a5 24. Kh2 a4 25. Rd2 Nc4
26. Re2 a3 27. Re1 Ra8 28. Ra1 c5 29. dxc5 bxc5 30. Be2 Nb2 31. Bb5 d4 32.
cxd4 cxd4 33. Bc6 Rc8 34. Be4 Rc3 35. Kg1 Nc4 36. Bd3 Ne5 37. Kf1 Nxd3 38.
cxd3 Rxd3 39. Ke2 Rb3 40. Kd2 Rb2+ 41. Kd3 Rxf2 42. Kxd4 Rxg2 43. Rxa3 Kh7
44. Ke4 Kh6 45. Kf4 g5+ 46. Kf5 g6+ 47. Kf6 Rf2+ 48. Ke7 Kh5 49. Ra8 Kh4
50. Rh8+ Kg3 { White forfeits on time } 0-1

[Event "ICC tourney 2530 (3 2)"]
[Site "Internet Chess Club"]
[Date "2021.04.23"]
[Round "3"]
[White "BATBOLD, SETSBILEG:K09-30132252"]
[Black "VALLI PILLA, ANANYA:K09-14998655"]
[Result "0-1"]
[ICCResult "White forfeits on time"]
[WhiteElo "1400"]
[BlackElo "1400"]
[Opening "Giuoco Piano: LaBourdonnais variation"]
[ECO "C53"]
[NIC "IG.02"]
[Time "18:40:09"]
[PlyCount "106"]
[TimeControl "180+2"]

1. e4 e5 2. Nf3 Nc6 3. Bc4 Bc5 4. c3 d6 5. d4 exd4 6. cxd4 Bb6 7. Nc3 Nf6
8. Nd5 Nxd5 9. Bxd5 Qe7 10. O-O Be6 11. Bxe6 Qxe6 12. d5 Qxe4 13. dxc6 Qxc6
14. Re1+ Kd7 15. Ng5 Raf8 16. Nf3 h5 17. Bg5 f6 18. Bf4 Rfg8 19. Rc1 Qb5
20. Nd4 Bxd4 21. Qxd4 h4 22. Qxa7 g5 23. Bd2 g4 24. Qd4 f5 25. Qf4 Rf8 26.
Bc3 Rhg8 27. Qh6 h3 28. Bg7 Re8 29. Rxe8 Kxe8 30. Re1+ Kd7 31. Qh7 Re8 32.
Bf6+ Kc8 33. Rxe8+ Qxe8 34. gxh3 Qe1+ 35. Kg2 gxh3+ 36. Kxh3 Qf1+ 37. Kg3
Qg1+ 38. Kf3 Qh1+ 39. Kf4 Qe4+ 40. Kg5 Qg4+ 41. Kh6 Qh3+ 42. Kg7 Qg4+ 43.
Kf7 Qc4+ 44. Ke7 Qe4+ 45. Kf7 Qd5+ 46. Kg6 Qg2+ 47. Kh5 Qf3+ 48. Kh6 Qh3+
49. Kg7 Qg4+ 50. Kf8 b6 51. Ke8 Qe4+ 52. Be7 Qc6+ 53. Kf8 Qe4 { White
forfeits on time } 0-1